 Dungeon Crawl Stone Soup version 0.28-a0-872-g80cf8599ee (webtiles) character file.

Game seed: 9628427389004898645

75 Crownlay the Digger (level 4, -3/24 HPs)
             Began as a Gargoyle Earth Elementalist on Nov 20, 2021.
             Slain by a kobold brigand (5 damage)
             ... in a sewer.
             The game lasted 00:01:53 (1967 turns).

Crownlay the Digger (Gargoyle Earth Elementalist)   Turns: 1967, Time: 00:01:54

Health: -3/24      AC:  5    Str: 12    XL:     4   Next: 31%
Magic:  1/9        EV: 11    Int: 16    God:
Gold:   81         SH:  0    Dex: 10    Spells: 9/10 levels left

rFire   . . .      SeeInvis .   j - +0 mace (holy)
rCold   . . .      Faith    .   (no shield)
rNeg    + . .      Spirit   .   b - +0 robe
rPois   ∞          Reflect  .   (no helmet)
rElec   +          Harm     .   (no cloak)
rCorr   .          Rampage  .   (no gloves)
Will    .....                   (no boots)
Stlth   +.........              (no amulet)
HPRegen 0.08/turn               (no ring)
MPRegen 0.11/turn               (no ring)

@: very slow
A: sickness immunity, AC +3, negative energy resistance 1, electricity
resistance, torment resistance 1, petrification resistance
a: no special abilities


You were in a sewer.
You visited 1 branch of the dungeon, and saw 3 of its levels.
You also visited: Sewer.

You collected 81 gold pieces.

Inventory:

Hand Weapons
 j - a +0 mace of holy wrath (weapon)
Missiles
 c - 12 stones
Armour
 b - a +0 robe (worn)
Scrolls
 a - 4 scrolls of teleportation
 e - 2 scrolls of identify {unknown}
 f - a scroll of magic mapping {unknown}
 g - a scroll of fear {unknown}
 h - a scroll of fog {unknown}
 k - a scroll of brand weapon {unknown}
 m - a scroll of enchant armour {unknown}
Potions
 d - a potion of mutation {unknown}
 i - a potion of invisibility {unknown}
 l - 2 potions of curing {unknown}


   Skills:
 - Level 1.5 Dodging
 - Level 2.1 Stealth
 * Level 3.5 Spellcasting
 - Level 0.7 Transmutations
 + Level 4.5 Earth Magic


You had 9 spell levels left.
You knew the following spells:

 Your Spells              Type           Power      Damage    Failure   Level
a - Sandblast             Erth           34%        2d9       2%          1

Your spell library contained the following spells:

 Spells                   Type           Power      Damage    Failure   Level
 Passwall                 Tmut/Erth      9%         N/A       9%          2
 Stone Arrow              Conj/Erth      20%        3d8       22%         3
 Swiftness                Air            2%         N/A       47%         3
 Petrify                  Tmut/Erth      11%        N/A       52%         4


Dungeon Overview and Level Annotations

Branches:
Dungeon (3/15)              Sewer (1/1)

Altars:


Innate Abilities, Weirdness & Mutations

You are immune to sickness and miasma.
Your stone body is resilient. (AC +3)
You are immune to poison.
You resist negative energy. (rN+)
You are resistant to electric shocks. (rElec)
You are resistant to unholy torment.
You are immune to petrification.


Message History

Aiming: Sandblast (safe; 2% risk of failure)
Press: ? - help, Shift-Dir - straight line, f/p - kobold brigand
Aim: a kobold brigand, wielding a +0 short sword and quivering bolts (lightly wounded, 74% to hit)
The blast of sand hits the kobold brigand.
The kobold brigand is moderately wounded.
The kobold brigand splashes around in the water.
Casting: Sandblast (safe; 2% risk of failure)
Confirm with . or Enter, or press ? or * to list all spells.
Aiming: Sandblast (safe; 2% risk of failure)
Press: ? - help, Shift-Dir - straight line, f/p - kobold brigand
Aim: a kobold brigand, wielding a +0 short sword and quivering bolts (moderately wounded, 74% to hit)
The blast of sand hits the kobold brigand.
The kobold brigand is moderately wounded.
The kobold brigand hits you with a +0 short sword.
* * * LOW HITPOINT WARNING * * *
Casting: Sandblast (safe; 2% risk of failure)
Confirm with . or Enter, or press ? or * to list all spells.
Aiming: Sandblast (safe; 2% risk of failure)
Press: ? - help, Shift-Dir - straight line, f/p - kobold brigand
Aim: a kobold brigand, wielding a +0 short sword and quivering bolts (moderately wounded, 74% to hit)
The blast of sand hits the kobold brigand!
The kobold brigand is severely wounded.
The kobold brigand hits you with a +0 short sword.
* * * LOW HITPOINT WARNING * * *
Casting: Sandblast (safe; 2% risk of failure)
Confirm with . or Enter, or press ? or * to list all spells.
Aiming: Sandblast (safe; 2% risk of failure)
Press: ? - help, Shift-Dir - straight line, f/p - kobold brigand
Aim: a kobold brigand, wielding a +0 short sword and quivering bolts (severely wounded, 74% to hit)
The blast of sand misses the kobold brigand.
The kobold brigand splashes around in the water.
Casting: Sandblast (safe; 2% risk of failure)
Confirm with . or Enter, or press ? or * to list all spells.
Aiming: Sandblast (safe; 2% risk of failure)
Press: ? - help, Shift-Dir - straight line, f/p - kobold brigand
Aim: a kobold brigand, wielding a +0 short sword and quivering bolts (severely wounded, 74% to hit)
The blast of sand hits the kobold brigand.
The kobold brigand is severely wounded.
The kobold brigand hits you with a +0 short sword.
You die...

#.≈.# #...# #≈≈≈#
####### #..≈.
#.≈≈≈≈##### #..≈.
#####†.≈≈≈########..≈
#.≈≈≈≈###.≈...≈≈####.
####### #≈.≈≈≈≈≈.# ##
#.≈≈@≈###≈≈..≈≈≈≈####
#####K≈.≈≈####..≈.##.
#.K≈≈≈##### ##≈≈≈...
####### ##≈≈≈..
#≈.... #≈≈≈.. #.≈...
#≈.≈≈. ≈.≈..≈


You could see a kobold brigand.

Vanquished Creatures
  3 adders
  2 river rats (Sewer)
  2 worms
  5 ball pythons
  2 giant cockroaches (D:2)
  A goblin (D:1)
  6 hobgoblins
  2 kobolds
  2 bats (D:1)
  A rat (D:2)
26 creatures vanquished.

Vanquished Creatures (others)
  A plant (D:1)
1 creature vanquished.

Grand Total: 27 creatures vanquished

Notes
Turn   | Place    | Note
-------+----------+-------------------------------------------
     0 | D:1      | Crownlay the Gargoyle Earth Elementalist began the quest
                  | for the Orb.
     0 | D:1      | Reached XP level 1. HP: 10/10 MP: 3/3
   358 | D:1      | Reached XP level 2. HP: 15/15 MP: 1/5
   991 | D:2      | Reached skill level 4 in Earth Magic
   991 | D:2      | Reached XP level 3. HP: 19/19 MP: 4/7
  1659 | D:3      | Found a glowing drain.
  1727 | Sewer    | Entered a sewer
  1755 | Sewer    | Reached XP level 4. HP: 24/24 MP: 6/9
  1953 | Sewer    | Noticed a kobold brigand
  1965 | Sewer    | HP: 1/24 [kobold brigand (2)]
  1967 | Sewer    | Slain by a kobold brigand

Illustrated notes

Levels and vault maps discovered:
D:1:      heliophobic_arrival_ceremonial_halls, layout_basic,
          serial_bayou_pond_a
D:2:      layout_loops_ring
D:3:      layout_rooms, portal_sewer_entry_d
Sewer:    sewer_co_tree

Skill      XL: |  1  2  3 |
---------------+----------+-----
Earth Magic    | 4 |  4.5
Spellcasting   | 3 |  3.5
Dodging        | |  1.5
Stealth        | |  2.1
Transmutations | |  0.7

Action                   |  1- 3 |  4- 6 || total
-------------------------+-------+-------++-------
Melee: Mace              |     1 |       ||     1
 Cast: Sandblast         |    36 |    19 ||    55
  Use: Scroll            |     1 |       ||     1
Armor: Robe              |     9 |     2 ||    11
Dodge: Dodged            |     4 |     5 ||     9

Table legend: (Time is in decaauts)
 A = Elapsed time spent in this place.
 B = Non-inter-level travel time spent in this place.
 C = Inter-level travel time spent in this place.
 D = Time resting spent in this place.
 E = Time spent auto-exploring this place.
 F = Levels seen in this place.
 G = Mean time per level.
                   A        B        C        D        E       F      G
               +--------+--------+--------+--------+--------+-----+--------+
         Total |   2008 |   1957 |     51 |      0 |   1757 |   4 |  502.0 |
       Dungeon |   1733 |   1682 |     51 |      0 |   1520 |   3 |  577.7 |
         Sewer |    275 |    275 |      0 |      0 |    236 |   1 |  275.0 |
               +--------+--------+--------+--------+--------+-----+--------+

Top non-repeatable levels by time:
     D:1: 919 daAuts
     D:2: 696 daAuts
   Sewer: 275 daAuts
     D:3: 118 daAuts
